 Dungeon Crawl Stone Soup version 0.30-a0-1094-g860fb061e7 (webtiles) character file.

Game seed: 3770917187602202320

1823 jasper the Thaumaturge (level 8, -7/61 HPs)
             Began as a Demonspawn Venom Mage on Apr 17, 2023.
             Was a Follower of Vehumet.
             Mangled by an ice beast (8 damage)
             ... on level 7 of the Dungeon.
             The game lasted 00:11:26 (7484 turns).

jasper the Thaumaturge (Demonspawn Venom Mage)      Turns: 7484, Time: 00:11:27

Health: -7/61      AC:  3    Str:  8    XL:     8   Next: 85%
Magic:  20/20      EV: 14    Int: 23    God:    Vehumet [*.....]
Gold:   270        SH:  0    Dex: 14    Spells: 13/23 levels left

rFire   . . .      SeeInvis +    s - +1 arbalest (freeze)
rCold   . . .      Faith    .    (shield currently unavailable)
rNeg    . . .      Spirit   .    a - +0 robe
rPois   .          Reflect  .    (no helmet)
rElec   .          Rampage  .    z - +0 cloak
rCorr   .                        (no gloves)
Will    .....                    (no boots)
Stlth   ++                       (no amulet)
HPRegen 0.30/turn                f - ring of see invisible
MPRegen 0.17/turn                j - ring of wizardry

@: no status effects
A: foul stench 1, powered by death 1, big brain 2
a: Renounce Religion


You were on level 7 of the Dungeon.
You worshipped Vehumet.
Vehumet was aware of your devotion.
You visited 2 branches of the dungeon, and saw 8 of its levels.

You collected 484 gold pieces.
You spent 214 gold pieces at shops.

Inventory:

Hand Weapons
 e - a +0 short sword
 s - a +1 arbalest of freezing (weapon)
Missiles
 h - 5 boomerangs of dispersal
Armour
 a - a +0 robe (worn)
 q - a +0 kite shield
 z - a +0 cloak (worn)
Jewellery
 f - a ring of see invisible (left hand)
 j - a ring of wizardry (right hand)
 n - a ring of positive energy
 t - a ring of ice
 G - a ring of willpower
Wands
 c - a wand of paralysis (12)
 y - a wand of flame (24)
 B - a wand of light (5)
Scrolls
 k - 2 scrolls of blinking
 m - a scroll of brand weapon
 r - 7 scrolls of identify
 v - 4 scrolls of teleportation
 w - a scroll of poison {unknown}
 x - a scroll of enchant weapon
Potions
 b - a potion of magic
 d - 3 potions of curing
 g - a potion of degeneration {unknown}
 i - 3 potions of berserk rage {unknown}
 l - 2 potions of cancellation {unknown}
 o - a potion of haste {unknown}
 p - 3 potions of heal wounds {unknown}
 u - a potion of invisibility {unknown}
 A - 2 potions of brilliance {unknown}
 C - 2 potions of lignification {unknown}
 D - a potion of flight {unknown}
 E - a potion of mutation {unknown}
 F - a potion of resistance {unknown}


   Skills:
 + Level 4.7 Fighting
 + Level 4.8 Dodging
 - Level 1.7 Stealth
 * Level 8.2 Spellcasting
 - Level 0.8 Transmutations
 - Level 4.0 Poison Magic


You had 13 spell levels left.
You knew the following spells:

 Your Spells              Type           Power      Damage    Failure   Level
a - Sting                 Tmut/Pois      80%        1d7       1%          1
b - Poisonous Vapours     Pois/Air       36%        N/A       1%          2
c - Mephitic Cloud        Conj/Pois/Air  15%        N/A       4%          3
d - Olgreb's Toxic Radia  Pois           28%        N/A       5%          4

Your spell library contained the following spells:

 Spells                   Type           Power      Damage    Failure   Level
 Kiss of Death            Conj/Necr      36%        2d8       2%          1
 Magic Dart               Conj           36%        1d4       2%          1
 Call Imp                 Summ           18%        N/A       4%          2
 Dazzling Flash           Conj/Hex       18%        N/A       9%          3
 Inner Flame              Hex/Fire       9%         N/A       9%          3
 Volatile Blastmotes      Fire/Tloc      18%        2d11      9%          3
 Flame Wave               Conj/Fire      9%         2d6       26%         4
 Iskenderun's Mystic Bla  Conj/Tloc      9%         2d4       26%         4
 Sticky Flame             Conj/Fire      9%         2d3       26%         4
 Starburst                Conj/Fire      4%         6d4       98%         6
 Borgnjor's Revivificati  Necr           4%         N/A       100%        8
 Necromutation            Tmut/Necr      5%         N/A       100%        8
 Death's Door             Necr           4%         N/A       100%        9


Dungeon Overview and Level Annotations

Branches:
Dungeon (7/15)             Temple (1/1) D:5

Altars:
Ashenzari
Cheibriados
Dithmenos
Fedhas
Hepliaklqana
Makhleb
Nemelex Xobeh
Okawaru
Ru
Sif Muna
Trog
Uskayaw
Vehumet
Wu Jian

Shops:
D:5 ?

Annotations:
D:3 exclusion: water moccasin


Innate Abilities, Weirdness & Mutations

You may rarely emit foul miasma when damaged in melee.
You regenerate a little health from kills.
You have an extremely huge brain. (Int +4)


Message History

Aim: an ice beast (moderately wounded, 56% to hit)
You shoot a bolt. The bolt hits the ice beast.
The ice beast is heavily wounded.
Fire: s) +1 arbalest (freeze)
Press: ? - help, Q - select action, (/) - cycle Shift-Dir - straight line, f/p - ice beast
Aim: an ice beast (heavily wounded, 56% to hit)
You shoot a bolt. The bolt closely misses the ice beast.
The ice beast closely misses you.
The ice beast hits you but does no damage.
Fire: s) +1 arbalest (freeze)
Press: ? - help, Q - select action, (/) - cycle Shift-Dir - straight line, f/p - ice beast
Aim: an ice beast (heavily wounded, 56% to hit)
You shoot a bolt. The bolt closely misses the ice beast.
The ice beast hits you. The ice beast freezes you! The ice beast hits you.
The ice beast freezes you!
You take 30 damage, and have 31/61 hp.
MASSIVE DAMAGE!!
Fire: s) +1 arbalest (freeze)
Press: ? - help, Q - select action, (/) - cycle Shift-Dir - straight line, f/p - ice beast
Aim: an ice beast (heavily wounded, 56% to hit)
You shoot a bolt. The bolt hits the ice beast.
The ice beast is severely wounded.
The ice beast misses you. The ice beast hits you. The ice beast freezes you!
You take 11 damage, and have 20/61 hp.
Fire: s) +1 arbalest (freeze)
Press: ? - help, Q - select action, (/) - cycle Shift-Dir - straight line, f/p - ice beast
Aim: an ice beast (severely wounded, 56% to hit)
You shoot a bolt. The bolt closely misses the ice beast.
The ice beast barely misses you.
Fire: s) +1 arbalest (freeze)
Press: ? - help, Q - select action, (/) - cycle Shift-Dir - straight line, f/p - ice beast
Aim: an ice beast (severely wounded, 56% to hit)
You shoot a bolt. The bolt barely misses the ice beast.
The ice beast hits you.
* * * LOW HITPOINT WARNING * * *
The ice beast freezes you!
* * * LOW HITPOINT WARNING * * *
The ice beast hits you.
* * * LOW HITPOINT WARNING * * *
The ice beast freezes you!
You die...

#......##.........# #
#..###.##.##.##.#.# #
###.####..#.....#.#.##.#.# #
..........#......##.##.#.###
..............#####.#.......
####.##.###.### #..[...... #
#.# #.# ###...#### #.. #.#
##.## #.. #@# #.#
......Y.......####.####
......^...............##
####.##.##.##.####...... ##
#.##.# #.##### #.##.# ...#
#.##.# ##### #.##[# # #.#


You could see an ice beast.

Vanquished Creatures
  A steam dragon (D:7)
  An orc warrior (D:6)
  4 black bears
  2 sky beasts
  A kobold brigand (D:7)
  A gnoll sergeant (D:7)
  2 bullfrogs (D:7)
  A scorpion (D:7)
  A howler monkey (D:5)
  2 hounds
  A jelly (D:5)
  3 orc priests
  3 iguanas
  A gnoll bouda (D:5)
  Ijyb (D:5)
  6 orc wizards
  8 gnolls
  4 adders
  A shadow imp (D:7)
  A white imp (D:6)
  3 ufetubi
  A dart slug (D:4)
  24 orcs
  4 bats
  6 endoplasms
  2 giant cockroaches
  10 goblins
  7 hobgoblins
  2 jackals (D:2)
  5 quokkas
  3 ball pythons
  3 frilled lizards
  9 kobolds
  5 rats
129 creatures vanquished.

Vanquished Creatures (others)
  3 toadstools (D:1)
3 creatures vanquished.

Grand Total: 132 creatures vanquished

Notes
Turn   | Place    | Note
-------+----------+-------------------------------------------
     0 | D:1      | jasper the Demonspawn Venom Mage began the quest for the
                  | Orb.
     0 | D:1      | Reached XP level 1. HP: 13/13 MP: 3/3
   455 | D:1      | Gained mutation: You have an unusually large brain. (Int
                  | +2) [demonic ancestry]
   455 | D:1      | Reached XP level 2. HP: 15/19 MP: 1/5
   613 | D:1      | Learned a level 2 spell: Poisonous Vapours
  1619 | D:2      | Gained mutation: You may rarely emit foul miasma when
                  | damaged in melee. [demonic ancestry]
  1619 | D:2      | Reached XP level 3. HP: 24/24 MP: 4/7
  1623 | D:2      | Learned a level 3 spell: Mephitic Cloud
  2764 | D:2      | Reached skill level 3 in Spellcasting
  2915 | D:3      | Noticed a water moccasin
  3098 | D:3      | Found a faded altar of an unknown god.
  3225 | D:3      | Gained mutation: You have an extremely huge brain. (Int +4)
                  | [demonic ancestry]
  3225 | D:3      | Reached XP level 4. HP: 21/30 MP: 1/8
  3330 | D:3      | Found a hide-covered altar of Uskayaw.
  3608 | D:4      | Reached skill level 4 in Spellcasting
  3608 | D:4      | Reached XP level 5. HP: 7/35 MP: 0/11
  3613 | D:4      | Learned a level 4 spell: Olgreb's Toxic Radiance
  4369 | D:5      | Entered Level 5 of the Dungeon
  4375 | D:5      | Reached skill level 5 in Spellcasting
  4439 | D:5      | Noticed Ijyb
  4440 | D:5      | Paralysed by Ijyb for 4 turns
  4449 | D:5      | Paralysed by Ijyb for 4 turns
  4455 | D:5      | Killed Ijyb
  4551 | D:5      | Found a shadowy altar of Dithmenos.
  4563 | D:5      | Reached XP level 6. HP: 42/42 MP: 8/13
  4568 | D:5      | Reached skill level 1 in Fighting
  4712 | D:5      | Found Igiseteck's Magic Scroll Emporium.
  4799 | D:5      | Bought a scroll of blinking for 82 gold pieces
  4799 | D:5      | Bought a scroll of identify for 22 gold pieces
  4799 | D:5      | Bought a scroll of identify for 22 gold pieces
  4799 | D:5      | Bought a scroll of identify for 22 gold pieces
  4799 | D:5      | Bought a scroll of teleportation for 33 gold pieces
  4799 | D:5      | Bought a scroll of teleportation for 33 gold pieces
  4815 | D:5      | Found a sparkling altar of Nemelex Xobeh.
  4818 | D:5      | Found a bloodstained altar of Trog.
  4818 | D:5      | Found a hazy altar of Hepliaklqana.
  4821 | D:5      | Found an iron altar of Okawaru.
  5175 | D:5      | Gained mutation: You regenerate a little health from kills.
                  | [demonic ancestry]
  5175 | D:5      | Reached XP level 7. HP: 50/50 MP: 15/15
  5391 | D:5      | Found a staircase to the Ecumenical Temple.
  5552 | Temple   | Entered the Ecumenical Temple
  5600 | Temple   | Became a worshipper of Vehumet
  5699 | D:6      | Reached skill level 6 in Spellcasting
  6436 | D:6      | Reached XP level 8. HP: 40/58 MP: 6/18
  6812 | D:7      | Reached skill level 7 in Spellcasting
  7019 | D:7      | HP: 2/60 [shadow imp (3)]
  7065 | D:7      | Reached * piety under Vehumet
  7065 | D:7      | Offered knowledge of Kiss of Death by Vehumet.
  7268 | D:7      | Reached skill level 8 in Spellcasting
  7484 | D:7      | HP: 1/61 [ice beast (3)]
  7484 | D:7      | Mangled by an ice beast

Illustrated notes

Levels and vault maps discovered:
D:1:      roderic_octagonal_star, layout_loops_corners,
          chequers_serial_rivers_micro_c, minmay_gold_behind_fungi
D:2:      layout_basic
D:3:      minmay_goblin_kobold_castle, layout_loops_ring,
          nicolae_uskayaw_dance_hall, ebering_ecumenical_altar_rust,
          minmay_strange_pillars
D:4:      layout_basic
D:5:      layout_gridville, grunt_dithmenos_smoke_and_mirrors,
          grunt_temple_overflow_open, minmay_temple_entry_enclosed_plants,
          serial_shops, nicolae_shop_tiny_statue_garden, dreamdust_wishing_well,
          reono_crystal_passage, kennysheep_path_1, uniq_ijyb
D:6:      layout_basic
D:7:      cheibrodos_iron_armory, layout_loops_ring
Temple:   kb_temple_of_zot

Skill      XL: |  1  2  3  4  5  6  7  8 |
---------------+-------------------------+-----
Spellcasting   | 3 4 5 6 8 |  8.2
Poison Magic   | 4 |  4.0
Dodging        | 2 3 4 |  4.8
Fighting       | 2 3 4 |  4.7
Stealth        | |  1.7
Transmutations | |  0.8

Action                     |  1- 3 |  4- 6 |  7- 9 || total
---------------------------+-------+-------+-------++-------
  Melee: Unarmed           |     4 |       |       ||     4
         Short sword       |    10 |     2 |       ||    12
   Fire: Arbalest          |       |    50 |    74 ||   124
   Cast: Sting             |    62 |    12 |     1 ||    75
         Poisonous Vapours |    24 |    20 |     7 ||    51
         Olgreb's Toxic Ra |       |     7 |    21 ||    28
         Mephitic Cloud    |       |       |     1 ||     1
    Use: Scroll            |     2 |     6 |       ||     8
 Armour: Robe              |     6 |       |    14 ||    20
  Dodge: Dodged            |    38 |    30 |    55 ||   123

Table legend: (Time is in decaauts)
 A = Elapsed time spent in this place.
 B = Non-inter-level travel time spent in this place.
 C = Inter-level travel time spent in this place.
 D = Time resting spent in this place.
 E = Time spent auto-exploring this place.
 F = Levels seen in this place.
 G = Mean time per level.
                   A        B        C        D        E       F      G
               +--------+--------+--------+--------+--------+-----+--------+
         Total |   7591 |   7315 |    276 |    113 |   6269 |   8 |  948.9 |
       Dungeon |   7508 |   7265 |    243 |    113 |   6236 |   7 | 1072.6 |
        Temple |     82 |     49 |     33 |      0 |     33 |   1 |   82.0 |
               +--------+--------+--------+--------+--------+-----+--------+

Top non-repeatable levels by time:
     D:2: 1546 daAuts
     D:1: 1337 daAuts
     D:5: 1234 daAuts
     D:6: 1173 daAuts
     D:4: 1030 daAuts
     D:7: 712 daAuts
     D:3: 473 daAuts
  Temple: 82 daAuts
